 Dungeon Crawl Stone Soup version 0.26-a0-651-gb41185065b (webtiles) character file.

Game seed: 3273181261148101364

(classic levelgen) 11 EnegeticOcto the Covered (level 2, 27/27 HPs)
             Began as a Deep Dwarf Fighter on Oct 30, 2020.
             Was a Follower of Cheibriados.
             Quit the game on level 2 of the Dungeon.
             The game lasted 00:00:15 (196 turns).

EnegeticOcto the Covered (Deep Dwarf Fighter)        Turns: 196, Time: 00:00:17

Health: 27/27      AC:  8    Str: 21    XL:     2   Next: 17%
Magic:  2/2        EV:  7    Int: 10    God:    Cheibriados [*.....]
Gold:   44         SH:  9    Dex: 14    Spells: 1/1 levels left

rFire    . . .     SeeInvis .   a - +0 war axe
rCold    . . .     Faith    .   c - +0 kite shield
rNeg     . . .     Spirit   .   b - +0 scale mail
rPois    .         Reflect  .   e - +0 helmet
rElec    .         Harm     .   (no cloak)
rCorr    .         Rampage  .   (no gloves)
MR       .....                  (no boots)
Stlth    ..........             (no amulet)
HPRegen  0.00/turn              (no ring)
MPRegen  0.08/turn              (no ring)

@: non-regenerating, very slow
A: damage resistance, heal wounds, sense surroundings 1, no regeneration
a: Heal Wounds, Bend Time, Renounce Religion


You were on level 2 of the Dungeon.
You worshipped Cheibriados.
Cheibriados was aware of your devotion.
You visited 1 branch of the dungeon, and saw 3 of its levels.

You collected 44 gold pieces.

Inventory:

Hand Weapons
 a - a +0 war axe (weapon)
Armour
 b - a +0 scale mail (worn)
 c - a +0 kite shield (worn)
 e - a +0 helmet (worn)
Scrolls
 f - a scroll of fear {unknown}
Potions
 d - a potion of might {@q3}


   Skills:
 + Level 2.8 Fighting
 * Level 2.6 Axes
 + Level 3.4 Armour
 + Level 3.4 Shields


You had one spell level left.
You didn't know any spells.
Your spell library was empty.

Dungeon Overview and Level Annotations

Branches:
Dungeon (3/15)

Altars:
Cheibriados


Innate Abilities, Weirdness & Mutations

You are resistant to damage.
You can heal yourself by infusing magical energy.
You passively map a small area around you.
You do not regenerate.


Message History

A jackal comes into view.
There are monsters nearby!
There are monsters nearby!
The jackal barks!
You hear a shout!
There is a stone staircase leading down here.
You slash the jackal!
You kill the jackal!
You barely miss the jackal. You block the jackal's attack.
The jackal bites you but does no damage.
You miss the jackal. You block the jackal's attack.
A jackal comes into view.
The jackal bites you but does no damage.
The jackal barks!
You hit the jackal.
The jackal is heavily wounded.
The jackal bites you but does no damage.
A goblin comes into view.
The jackal bites you.
You closely miss the jackal.
The jackal is heavily wounded.
You block the jackal's attack. The jackal bites you.
You closely miss the jackal.
The jackal is moderately wounded.
You closely miss the jackal. The jackal barely misses you.
The jackal bites you but does no damage. x3
The jackal bites you.
You hit the jackal.
The jackal is almost dead.
Your shield and scale mail prevent you from hitting the jackal.
The jackal bites you but does no damage. x2
You block the jackal's attack.
You closely miss the jackal.
The jackal is almost dead.
You hit the jackal.
You kill the jackal!
The jackal bites you but does no damage.
You block the jackal's attack. The jackal bites you.
You hit the jackal.
You kill the jackal!
You barely miss the goblin. The goblin hits you but does no damage.
You hit the goblin.
You kill the goblin!
You have reached level 2!
(D) Dungeon
Where to? (? - help)
You climb downwards.
Found 16 gold pieces.
There is a stone staircase leading up here.
You now have 44 gold pieces (gained 16).
A worm comes into view.
A worm is nearby!
A worm is nearby!
You slash the worm!
The worm is severely wounded.
The worm bites you!
You hit the worm.
The worm is almost dead.
The worm bites you!
You barely miss the worm.
The worm is almost dead.
The worm bites you.
You barely miss the worm.
The worm is severely wounded.
You block the worm's attack.
You slash the worm!
You kill the worm!
No target in view!
No target in view!
No target in view!
No target in view!
You see here a worm corpse.
Found a stone staircase leading down.
Found a faded altar of an unknown god.
Found 11 stones.
No target in view!
No target in view!
No target in view!
No target in view!
No target in view!
You fail to use your ability.
(D) Dungeon
Where to? (Enter - D:2, ? - help)
There is a stone staircase leading down here.
You climb downwards.
A rat, a quokka and a hobgoblin come into view.
The hobgoblin shouts!
There is a stone staircase leading up here.
You feel much better.
There are monsters nearby!
You climb upwards.
There is a stone staircase leading down here.
There is a faded altar of an unknown god here.
You cannot tell which god this altar belongs to.
Convert to them anyway?
Cheibriados accepts your prayer! Cheibriados welcomes you!
Cheibriados begins to support your attributes as your movement slows.
You can now bend time to slow others.
Cheibriados is now slowing the effects of poison on you.
Cheibriados raises the support of your attributes as your movement slows.
Are you sure you want to abandon this character and quit the game? (Confirm with "yes".)

*# #...# #.#.# #.#####.#
*#.#.#####.#.###.#.....#
*#.........#.....#.#####
#####......#######.###
.......#.#....>#.....# *
.#.##†##.##.####.#...# ,
...##.##.##.##......####
,
......##.#......#.......
*
..######.####..#@#.#####*
* ...<# ... #...#.....# *
..### .#. #......##.# ###
. . #.##...#*,# .. ..
#.#*##.... * #.. #### *,
, ### , , ,, * , , *


There were no monsters in sight!

Vanquished Creatures
  A worm (D:2)
  A giant cockroach (D:1)
  3 jackals (D:1)
  A kobold (D:1)
  A bat (D:1)
  A goblin (D:1)
8 creatures vanquished.

Notes
Turn   | Place    | Note
-------+----------+-------------------------------------------
     0 | D:1      | EnegeticOcto the Deep Dwarf Fighter began the quest for the
                  | Orb.
     0 | D:1      | Reached XP level 1. HP: 20/20 MP: 1/1
   107 | D:1      | Reached XP level 2. HP: 25/27 MP: 2/2
   133 | D:2      | Found a faded altar of an unknown god.
   195 | D:2      | Became a worshipper of Cheibriados the Contemplative
   195 | D:2      | Reached * piety under Cheibriados
   196 | D:2      | Quit the game

Illustrated notes

Levels and vault maps discovered:
D:1:      evilmike_arrival_grusome_pit, layout_basic
D:2:      minmay_general_purpose_star, layout_basic, evilmike_ruin_ashenzari,
          lemuel_doored_altar, chequers_ecumenical_altar_simple,
          minmay_misc_feat_nine_boxes
D:3:      layout_rooms

Action                   || total
-------------------------++-------
Melee: War axe           ||    29
 Abil: Heal Wounds       ||     1
Armor: Scale mail        ||    17
Dodge: Dodged            ||     4
Block: Kite shield       ||    15

Table legend: (Time is in decaauts)
 A = Elapsed time spent in this place.
 B = Non-inter-level travel time spent in this place.
 C = Inter-level travel time spent in this place.
 D = Time resting spent in this place.
 E = Time spent auto-exploring this place.
 F = Levels seen in this place.
 G = Mean time per level.
                   A        B        C        D        E       F      G
               +--------+--------+--------+--------+--------+-----+--------+
         Total |    209 |    188 |     21 |      0 |    115 |   3 |   69.7 |
       Dungeon |    209 |    188 |     21 |      0 |    115 |   3 |   69.7 |
               +--------+--------+--------+--------+--------+-----+--------+

Top non-repeatable levels by time:
     D:1: 119 daAuts
     D:2: 86 daAuts
     D:3: 2 daAuts
